[Event "Titled Tuesday Blitz August 02 Late 2022"]
[White "Harvey, Marcus R"]
[Black "Riehle, Marco"]
[WhiteFideId "400092"]
[BlackFideId "12904392"]
[WhiteElo "2485"]
[BlackElo "2462"]
[Result "1-0"]
[Round "09"]
[TimeControl "180+1"]
[Date "2022.08.02"]
[WhiteClock "0:00:20"]
[BlackClock "0:00:43"]

1. c4 e6 2. Nf3 d5 3. e3 Nf6 4. b3 c5 5. Bb2 Nc6 6. cxd5 Nxd5 7. Be2 Be7 8. Bxg7 Rg8 9. Bb2 Rxg2 10. Nc3 Bd7 11. Ne4 Rg8 12. a3 Qb6 13. Qc2 f5 14. Nc3 O-O-O 15. Na4 Qa5 16. Rc1 b6 17. Kf1 Bd6 18. d4 Kb8 19. dxc5 bxc5 20. Nxc5 Bxc5 21. Qxc5 Qxc5 22. Rxc5 Rc8 23. b4 Kb7 24. Rg1 Rxg1+ 25. Kxg1 a5 26. b5 Nce7 27. Rxc8 Nxc8 28. a4 Ncb6 29. Bd1 Nc4 30. Bd4 Be8 31. Ne5 Nxe5 32. Bxe5 Kb6 33. Bd4+ Kb7 34. Kf1 f4 35. e4 Nb6 36. Bxb6 Kxb6 37. e5 Kc5 38. Bf3 Bg6 39. Bg4 Bc2 40. Bxe6 Bxa4 41. Ke2 Bxb5+ 42. Kf3 a4 43. Kxf4 a3 44. h4 h6 45. Ba2 Bd7 46. e6 Be8 47. Ke5 Kc6 48. f4 Kc5 49. f5 Bb5 50. e7 h5 51. f6 Bc4 52. Bxc4 Kxc4 53. e8=Q a2 54. Qe6+ 1-0


[Site "https://www.chess.com"]

[Event "Titled Tuesday Blitz August 02 Late 2022"]
[White "Holt, Conrad"]
[Black "Grischuk, Alexander"]
[WhiteFideId "2034387"]
[BlackFideId "4126025"]
[WhiteElo "2586"]
[BlackElo "2762"]
[Result "0-1"]
[Round "09"]
[TimeControl "180+1"]
[Date "2022.08.02"]
[WhiteClock "0:01:10"]
[BlackClock "0:00:22"]

1. d4 Nf6 2. c4 e6 3. Nc3 Bb4 4. Qc2 d6 5. e3 O-O 6. Bd3 c5 7. dxc5 dxc5 8. Nf3 Nc6 9. O-O Bxc3 10. Qxc3 e5 11. Rd1 Qe7 12. Nd2 e4 13. Be2 Bg4 14. Bxg4 Nxg4 15. h3 Nf6 16. b3 Rad8 17. Bb2 Rd3 18. Qc2 Nb4 19. Qb1 Rfd8 20. a3 Nc6 21. Bc1 Nh5 22. Ra2 f5 23. Re1 Ne5 24. Nf1 R3d7 25. Rd2 Nd3 26. Red1 h6 27. Bb2 Qg5 28. Bc3 f4 29. exf4 Nhxf4 30. Ng3 e3 31. fxe3 Qxg3 32. exf4 Nxf4 33. Qe4 Nxh3+ 34. Kf1 Rf8+ 35. Ke2 Qf2# 0-1


[Site "https://www.chess.com"]

[Event "Titled Tuesday Blitz August 02 Late 2022"]
[White "Izoria, Zviad"]
[Black "Yoo, Christopher Woojin"]
[WhiteFideId "13601733"]
[BlackFideId "30909694"]
[WhiteElo "2626"]
[BlackElo "2105"]
[Result "0-1"]
[Round "09"]
[TimeControl "180+1"]
[Date "2022.08.02"]
[WhiteClock "0:00:02"]
[BlackClock "0:00:05"]

1. Nf3 d5 2. e3 Nf6 3. c4 c6 4. Nc3 Nbd7 5. Qc2 e6 6. b3 Bd6 7. Bb2 O-O 8. Be2 b6 9. cxd5 exd5 10. O-O Bb7 11. Rac1 Qe7 12. Rfd1 Rfe8 13. Bf1 Ne5 14. Nd4 g6 15. h3 a6 16. Nde2 Ned7 17. g3 c5 18. Bg2 Rac8 19. d4 c4 20. bxc4 Rxc4 21. a4 Rec8 22. Qb3 Qe6 23. Ba3 Bxa3 24. Qxa3 Qc6 25. Bf1 Qc7 26. Qb3 Nf8 27. Rb1 N6d7 28. Na2 Ne6 29. Nb4 a5 30. Nd3 Ng5 31. Bg2 Ne4 32. Nef4 Nc3 33. Kh2 Nxd1 34. Qxd1 Qd6 35. h4 Bc6 36. Ra1 h5 37. Nb2 Rb4 38. Nbd3 Rc4 39. Nb2 Nf6 40. Nxc4 dxc4 41. d5 Bd7 42. Qd4 c3 43. Bf3 c2 44. Ne2 Ng4+ 45. Bxg4 Bxg4 46. Nc1 Qb4 47. Qxb4 axb4 48. Ra2 Rc3 49. Rb2 Rc4 0-1


[Site "https://www.chess.com"]

[Event "Titled Tuesday Blitz August 02 Late 2022"]
[White "Johnson, Donald"]
[Black "Guz, Ari"]
[WhiteFideId "30949122"]
[BlackFideId "2825759"]
[WhiteElo "1724"]
[BlackElo "1913"]
[Result "0-1"]
[Round "09"]
[TimeControl "180+1"]
[Date "2022.08.02"]
[WhiteClock "0:00:01"]
[BlackClock "0:00:18"]

1. e4 e6 2. d4 d5 3. Nd2 dxe4 4. Nxe4 Nd7 5. Bd3 Ngf6 6. Nf3 Nxe4 7. Bxe4 Nf6 8. Bg5 Be7 9. Bxf6 Bxf6 10. Qd3 c5 11. dxc5 Qa5+ 12. c3 Qxc5 13. O-O h6 14. Nd2 O-O 15. Bh7+ Kh8 16. Ne4 Qe7 17. Nxf6 Qxf6 18. Be4 Rd8 19. Qf3 Qxf3 20. Bxf3 Bd7 21. Rfd1 Bc6 22. Bxc6 bxc6 23. Kf1 Rd5 24. c4 Rf5 25. Rd7 a5 26. Rc7 Rb8 27. b3 a4 28. Rb1 c5 29. f3 Rd8 30. bxa4 Rd2 31. a5 Rxa2 32. Ra7 Kh7 33. a6 Kg6 34. Re1 Rf4 35. Rc1 Rd4 36. Ra8 Rdd2 37. a7 Rf2+ 38. Kg1 Rxg2+ 39. Kf1 Rxh2 40. Kg1 Rh3 41. Rb1 Rxf3 42. Rb7 Rc3 43. Rb1 Rxc4 44. Rf1 Rca4 45. Rf2 Ra1+ 46. Kg2 Rxa7 47. Rxa7 Rxa7 48. Kh2 Rc7 49. Kg2 c4 50. Kh2 f5 51. Kg1 Kf6 52. Kg2 g5 53. Kg1 e5 54. Kg2 e4 55. Kg1 c3 56. Kg2 c2 57. Kh2 c1=Q 58. Kg2 Qf4 59. Kg1 Qg4+ 60. Kh2 Rc3 61. Rxf5+ Kxf5 62. Kh1 Rh3# 0-1


[Site "https://www.chess.com"]

[Event "Titled Tuesday Blitz August 02 Late 2022"]
[White "Kamsky, Gata"]
[Black "Nazari, Arad"]
[WhiteFideId "2000024"]
[BlackFideId "12577324"]
[WhiteElo "2645"]
[BlackElo "2129"]
[Result "0-1"]
[Round "09"]
[TimeControl "180+1"]
[Date "2022.08.02"]
[WhiteClock "0:00:07"]
[BlackClock "0:00:07"]

1. e4 e5 2. Nf3 Nc6 3. Bb5 a6 4. Ba4 Nf6 5. O-O Nxe4 6. d4 b5 7. Bb3 d5 8. dxe5 Be6 9. Qe2 Nc5 10. Rd1 Nxb3 11. axb3 Be7 12. c3 O-O 13. h3 Qd7 14. Bf4 f6 15. Bg3 fxe5 16. Nxe5 Nxe5 17. Qxe5 Bd6 18. Qe3 Rae8 19. Bxd6 Qxd6 20. Qg3 Qxg3 21. fxg3 Bc8 22. Nd2 Re2 23. Nf3 Bxh3 24. Rd2 Rxd2 25. Nxd2 Bc8 26. b4 Re8 27. Kf2 Bg4 28. Re1 Rxe1 29. Kxe1 Kf7 30. Nb3 Kf6 31. Kf2 Ke5 32. Ke3 g5 33. Nc5 Bc8 34. Nb3 h5 35. Nd4 Bg4 36. Nc6+ Kd6 37. Na5 Ke5 38. Nc6+ Kd6 39. Na5 Bf5 40. Nb7+ Ke5 41. Nc5 Be4 42. Nxa6 c6 43. Nb8 Kd6 44. Kf2 d4 45. cxd4 Kd5 46. Ke3 Bxg2 47. Nd7 h4 48. gxh4 gxh4 49. Kf2 h3 50. Nc5 Kxd4 51. Na6 Kc4 52. Kg3 Kb3 53. Kh2 Kxb2 54. Kg3 Kc3 55. Kh2 Kc4 56. Kg3 Bd5 57. Kxh3 Be6+ 58. Kg3 Bc8 59. Nb8 Bb7 60. Kf4 Kxb4 61. Ke3 c5 62. Kd2 Kb3 63. Nd7 Kb4 64. Ne5 c4 65. Kc2 Be4+ 66. Kb2 c3+ 67. Kc1 Kb3 68. Nd7 Kc4 69. Ne5+ Kd4 70. Nf7 b4 71. Nd6 Bd3 72. Nb7 b3 0-1


[Site "https://www.chess.com"]

[Event "Titled Tuesday Blitz August 02 Late 2022"]
[White "Koelle, Tobias"]
[Black "Gschnitzer, Adrian"]
[WhiteFideId "16207378"]
[BlackFideId "1270337"]
[WhiteElo "2541"]
[BlackElo "2294"]
[Result "0-1"]
[Round "09"]
[TimeControl "180+1"]
[Date "2022.08.02"]
[WhiteClock "0:00:20"]
[BlackClock "0:00:06"]

1. d4 Nf6 2. Nf3 c5 3. d5 b5 4. Bg5 d6 5. Bxf6 exf6 6. e4 a6 7. a4 b4 8. Nbd2 g6 9. Bd3 Bg7 10. O-O O-O 11. Nc4 a5 12. h3 Bb7 13. b3 f5 14. exf5 Bxd5 15. Be2 Bxc4 16. Bxc4 Bxa1 17. Qxa1 d5 18. Rd1 d4 19. Qc1 Qf6 20. Qh6 Ra7 21. Re1 Qg7 22. Qf4 Qf6 23. Qh6 Nc6 24. Re4 Ne7 25. fxg6 hxg6 26. Rf4 Nf5 27. Rxf5 Qxf5 28. Ng5 Re8 29. Qh7+ Kf8 30. Qh6+ Kg8 31. Qh7+ Kf8 32. Qh6+ Ke7 33. Bxf7 Rf8 34. Qg7 Qf6 35. Qh6 Rxf7 36. Nxf7 Qxf7 37. Qg5+ Kf8 38. Qxc5+ Re7 39. Qxd4 Kg8 40. Qd8+ Kg7 41. Qd4+ Qf6 42. Qd2 Qc3 43. Qd8 Re1+ 44. Kh2 Qe5+ 45. g3 Re2 46. Kg1 Qf6 47. Qc7+ Kh6 48. Qc5 Re1+ 49. Kg2 Re5 50. Qd4 Rf5 51. Qe3+ Kg7 52. Qa7+ Qf7 53. Qd4+ Kg8 54. h4 Qd5+ 55. Qxd5+ Rxd5 56. c3 bxc3 0-1


[Site "https://www.chess.com"]

[Event "Titled Tuesday Blitz August 02 Late 2022"]
[White "Kosteniuk, Alexandra"]
[Black "Adewumi, Tanitoluwa"]
[WhiteFideId "4128125"]
[BlackFideId "30966396"]
[WhiteElo "2469"]
[BlackElo "2509"]
[Result "1-0"]
[Round "09"]
[TimeControl "180+1"]
[Date "2022.08.02"]
[WhiteClock "0:01:35"]
[BlackClock "0:00:02"]

1. e4 c5 2. Nf3 e6 3. c3 Nf6 4. e5 Nd5 5. d4 cxd4 6. cxd4 d6 7. Bc4 Nc6 8. O-O Be7 9. Qe2 O-O 10. Rd1 Na5 11. Bd3 Nb4 12. Be4 d5 13. Bd3 Nxd3 14. Rxd3 b6 15. Rd1 f5 16. exf6 Bxf6 17. Nc3 Nc4 18. Bf4 Re8 19. Nb5 Re7 20. b3 Na5 21. Bd6 Ba6 22. Bxe7 Qxe7 23. Rac1 Qd7 24. a4 Nxb3 25. Rc3 Nc5 26. Ne5 Bxb5 27. axb5 Bxe5 28. Qxe5 1-0


[Site "https://www.chess.com"]

[Event "Titled Tuesday Blitz August 02 Late 2022"]
[White "Leenhouts, Koen"]
[Black "Ernst, Sipke"]
[WhiteFideId "1008439"]
[BlackFideId "1004689"]
[WhiteElo "2409"]
[BlackElo "2436"]
[Result "0-1"]
[Round "09"]
[TimeControl "180+1"]
[Date "2022.08.02"]
[WhiteClock "0:00:15"]
[BlackClock "0:00:32"]

1. d4 d5 2. c4 e6 3. Nf3 a6 4. Bg5 Be7 5. Bxe7 Qxe7 6. Nbd2 Nf6 7. e3 Nc6 8. Bd3 O-O 9. O-O Rd8 10. Qe2 e5 11. dxe5 Nxe5 12. Nxe5 Qxe5 13. Nf3 Qe7 14. h3 dxc4 15. Bxc4 Ne4 16. Rfd1 Bf5 17. Nd4 Bd7 18. Rac1 c5 19. Nb3 Rac8 20. Bd5 Bf5 21. Qf3 Bg6 22. Bxe4 Bxe4 23. Qf4 b6 24. Nd2 Bd5 25. Nc4 Bxc4 26. Qxc4 Rxd1+ 27. Rxd1 b5 28. Qd5 c4 29. e4 g6 30. e5 Rc5 31. Qd6 Rxe5 32. Qxa6 Re1+ 33. Rxe1 Qxe1+ 34. Kh2 Qe5+ 35. g3 Qxb2 36. a4 Qxf2+ 0-1


[Site "https://www.chess.com"]

[Event "Titled Tuesday Blitz August 02 Late 2022"]
[White "Makarian, Rudik"]
[Black "Jaferian, Koosha"]
[WhiteFideId "44105681"]
[BlackFideId "12507440"]
[WhiteElo "2403"]
[BlackElo "2030"]
[Result "0-1"]
[Round "09"]
[TimeControl "180+1"]
[Date "2022.08.02"]
[WhiteClock "0:00:35"]
[BlackClock "0:00:15"]

1. d3 g6 2. f4 Bg7 3. Nf3 c5 4. g3 Nc6 5. Bg2 d5 6. O-O Nf6 7. Nc3 O-O 8. e4 e6 9. e5 Nd7 10. Qe2 Rb8 11. a4 a6 12. g4 b5 13. axb5 axb5 14. g5 b4 15. Nd1 Ne7 16. Nf2 Nf5 17. Ng4 Bb7 18. Qf2 Re8 19. Nh4 d4 20. Bxb7 Rxb7 21. Bd2 Qc7 22. b3 Ra7 23. Nxf5 exf5 24. Nf6+ Nxf6 25. gxf6 Bf8 26. Qf3 h5 27. Qd5 Re6 28. Kf2 Rea6 29. Rg1 Rxa1 30. Rxg6+ Kh7 31. Rg5 Qb7 32. Rxh5+ Kg6 33. Rg5+ Kh7 34. Rh5+ Bh6 35. Qxc5 Ra8 36. Be1 Qh1 37. Qxb4 Rc1 38. e6 Rxc2+ 39. Bd2 Qd1 40. Qb7 Rxd2+ 41. Kg3 Rg8+ 42. Kh3 Qf1+ 43. Kh4 Rxh2# 0-1


[Site "https://www.chess.com"]

[Event "Titled Tuesday Blitz August 02 Late 2022"]
[White "Maksimovic, Bojan"]
[Black "Machidon, Cristi"]
[WhiteFideId "14408120"]
[BlackFideId "13904590"]
[WhiteElo "2453"]
[BlackElo "2312"]
[Result "1-0"]
[Round "09"]
[TimeControl "180+1"]
[Date "2022.08.02"]
[WhiteClock "0:00:45"]
[BlackClock "0:00:01"]

1. e4 c6 2. Nf3 d5 3. d3 dxe4 4. dxe4 Qxd1+ 5. Kxd1 Bg4 6. Be2 Bxf3 7. Bxf3 Nd7 8. Be2 e6 9. c3 Ne7 10. Kc2 Ng6 11. h4 h5 12. g3 Bc5 13. Rf1 Nge5 14. f3 a5 15. a4 O-O-O 16. Na3 Kc7 17. Bf4 Kc8 18. Nc4 Nxc4 19. Bxc4 Nb6 20. Bb3 Rd7 21. Rad1 Rhd8 22. Rxd7 Rxd7 23. Bc1 Rd8 24. g4 hxg4 25. fxg4 Rf8 26. h5 Nd7 27. g5 Kd8 28. h6 Ke7 29. g6 Ne5 30. Bg5+ Ke8 31. hxg7 Rg8 32. gxf7+ Nxf7 33. Bf6 Be7 34. e5 Nd8 35. Rh1 Kf7 36. Rh8 Rxg7 37. Bxg7 Kxg7 38. Rh1 Kg6 39. Rf1 Bg5 40. Kd3 Nf7 41. Ke4 Nd8 42. Rf8 Be7 43. Rf1 c5 44. Bc4 b6 45. Rd1 1-0


[Site "https://www.chess.com"]

[Event "Titled Tuesday Blitz August 02 Late 2022"]
[White "Mardov, Dimitar"]
[Black "Ladopoulos, Dimitrios"]
[WhiteFideId "30919495"]
[BlackFideId "4239580"]
[WhiteElo "2185"]
[BlackElo "2195"]
[Result "1-0"]
[Round "09"]
[TimeControl "180+1"]
[Date "2022.08.02"]
[WhiteClock "0:01:51"]
[BlackClock "0:01:36"]

1. d4 e6 2. c4 b6 3. Nc3 Bb7 4. Nf3 Bb4 5. Bd2 f5 6. e3 Nf6 7. Bd3 Bxc3 8. Bxc3 O-O 9. O-O d6 10. Rc1 Nbd7 11. d5 g6 12. Nd4 Nc5 13. b4 e5 14. bxc5 exd4 15. exd4 bxc5 16. dxc5 dxc5 17. Rb1 Bc8 18. Qf3 Bd7 19. Qe3 Ne8 20. Qxc5 1-0


[Site "https://www.chess.com"]

[Event "Titled Tuesday Blitz August 02 Late 2022"]
[White "Martinez Alcantara, Jose Eduardo"]
[Black "Alekseenko, Kirill"]
[WhiteFideId "3805662"]
[BlackFideId "4135539"]
[WhiteElo "2703"]
[BlackElo "2682"]
[Result "1-0"]
[Round "09"]
[TimeControl "180+1"]
[Date "2022.08.02"]
[WhiteClock "0:00:04"]
[BlackClock "0:00:11"]

1. e4 e5 2. Nf3 Nc6 3. Bb5 a6 4. Ba4 Nf6 5. d3 d6 6. c3 Bd7 7. O-O g6 8. h3 Bg7 9. Be3 O-O 10. Re1 b5 11. Bc2 a5 12. a4 b4 13. Nbd2 Re8 14. Bb3 h6 15. Rc1 bxc3 16. bxc3 Be6 17. Bxe6 Rxe6 18. Nb3 Re8 19. Qc2 Qd7 20. Red1 Nd8 21. Nbd2 Ne6 22. d4 exd4 23. cxd4 d5 24. Ne5 Qc8 25. Nc6 dxe4 26. Nc4 Ng5 27. N4e5 Qe6 28. Re1 Ngh7 29. Bd2 Qd5 30. Qc4 Bf8 31. Qxd5 Nxd5 32. Bxa5 Bd6 33. Nc4 Bf4 34. Rb1 Ra6 35. Nb8 Ra8 36. Nd7 e3 37. Nc5 Ng5 38. fxe3 Nxe3 39. Bd2 Nxc4 40. Rxe8+ Rxe8 41. Bxf4 Ne4 42. Re1 f5 43. Bxc7 Rc8 44. Nxe4 Rxc7 45. Nf6+ Kf7 46. Nd5 Rd7 47. Nc3 Rxd4 48. Rd1 Rxd1+ 49. Nxd1 Ke6 50. Kf2 Ke5 51. Ne3 Na5 52. Kf3 g5 53. g4 fxg4+ 54. Nxg4+ Kf5 55. Nxh6+ Kg6 56. Ng4 Kh5 57. Ne3 Kh4 58. Kg2 Kh5 59. Kg3 Kh6 60. Kg4 Kg6 61. Nd5 Nc4 62. Kg3 Kf5 63. Ne7+ Kf6 64. Nc6 Ke6 65. Nd4+ Ke5 66. Nb3 Ne3 67. a5 Kd5 68. Kf3 Nd1 69. Nd2 Kc5 70. Ne4+ Kb5 71. Nxg5 Nc3 72. h4 Nd5 73. Ke4 Kxa5 74. Kxd5 Kb6 75. h5 Kc7 76. Ke6 Kd8 77. Kf7 Kd7 78. h6 1-0


[Site "https://www.chess.com"]

[Event "Titled Tuesday Blitz August 02 Late 2022"]
[White "Nazaretyan, Tigran"]
[Black "Rustemov, Alexander"]
[WhiteFideId "24162345"]
[BlackFideId "4119002"]
[WhiteElo "2179"]
[BlackElo "2756"]
[Result "0-1"]
[Round "09"]
[TimeControl "180+1"]
[Date "2022.08.02"]
[WhiteClock "0:00:02"]
[BlackClock "0:00:31"]

1. d4 g6 2. c4 Bg7 3. Nf3 f5 4. g3 Nf6 5. Bg2 d6 6. O-O O-O 7. Nc3 c6 8. b3 e5 9. dxe5 dxe5 10. Ba3 Re8 11. e4 Qa5 12. Qc1 Na6 13. Bb2 Nc5 14. Qd2 Qb6 15. exf5 Bxf5 16. Ng5 Rad8 17. Qe3 Nd3 18. Qxb6 axb6 19. Ba3 e4 20. Rad1 h6 21. Nh3 g5 22. Na4 b5 23. cxb5 cxb5 24. Nc5 b4 25. Nxd3 bxa3 26. Nc5 b6 27. Nb7 Rxd1 28. Rxd1 Rc8 29. Rd8+ Rxd8 30. Nxd8 Nd5 31. Nc6 Bf6 32. f4 exf3 33. Bxf3 Nc3 34. g4 Be6 35. Nb4 Be7 36. Nc6 Bc5+ 37. Kf1 Nxa2 38. Nf2 Nb4 39. Nxb4 Bxb4 40. Nd3 a2 41. Nxb4 a1=Q+ 42. Kg2 Qb2+ 43. Kg3 Qxb3 44. Nc6 Kg7 45. Nd4 Qc4 46. Nxe6+ Qxe6 47. h3 b5 48. Bd5 Qxd5 0-1


[Site "https://www.chess.com"]

[Event "Titled Tuesday Blitz August 02 Late 2022"]
[White "Oparin, Grigoriy"]
[Black "Chigaev, Maksim"]
[WhiteFideId "24125890"]
[BlackFideId "4108116"]
[WhiteElo "2639"]
[BlackElo "2438"]
[Result "1-0"]
[Round "09"]
[TimeControl "180+1"]
[Date "2022.08.02"]
[WhiteClock "0:00:04"]
[BlackClock "0:00:02"]

1. Nf3 Nf6 2. g3 g6 3. Bg2 Bg7 4. c4 O-O 5. Nc3 c5 6. d4 d6 7. O-O Nc6 8. dxc5 dxc5 9. Be3 b6 10. Ne5 Nxe5 11. Bxa8 Nxc4 12. Bc1 Bf5 13. Bb7 Nd6 14. Bg2 b5 15. Bf4 b4 16. Na4 Nfe4 17. a3 a5 18. axb4 axb4 19. Qd5 Be6 20. Qd3 Bc4 21. Qc2 b3 22. Qd1 Bd4 23. Rc1 Qa5 24. Bxe4 Qxa4 25. Bxd6 exd6 26. Qd2 d5 27. Bf3 Rd8 28. Rfd1 Bf6 29. Qf4 Kg7 30. Rd2 Qb4 31. Rcd1 d4 32. h4 h6 33. h5 g5 34. Qf5 Be6 35. Qe4 Rd6 36. Bg4 Bd5 37. Qf5 Be6 38. Qe4 Bxg4 39. Qxg4 Re6 40. Qf3 c4 41. Qg4 c3 42. bxc3 Qxc3 43. Qf3 Qxf3 44. exf3 Rb6 45. Rd3 b2 46. Rb1 Be7 47. Kf1 f5 48. Ke2 Kf7 49. Kd2 Ke6 50. Kc2 Kd5 51. Rxb2 Rc6+ 52. Kd1 Bc5 53. Rb8 Ra6 54. Rd2 Bd6 55. Rh8 Kc4 56. Rc8+ Kd5 57. Rh8 Kc4 58. Ke2 Bb4 59. Rc8+ Bc5 60. Rc2+ 1-0


[Site "https://www.chess.com"]

[Event "Titled Tuesday Blitz August 02 Late 2022"]
[White "Ovchinnikov, Vsevolod"]
[Black "Blanco Ronquillo, Humberto L."]
[WhiteFideId "24176842"]
[BlackFideId "3504239"]
[WhiteElo "2376"]
[BlackElo "2423"]
[Result "1-0"]
[Round "09"]
[TimeControl "180+1"]
[Date "2022.08.02"]
[WhiteClock "0:00:10"]
[BlackClock "0:00:34"]

1. d4 d5 2. c4 e6 3. Nf3 a6 4. cxd5 exd5 5. Nc3 h6 6. Bf4 Nf6 7. Qc2 Bd6 8. Bg3 O-O 9. e3 Re8 10. Bd3 Nc6 11. a3 Bg4 12. O-O Qd7 13. Rac1 Bxg3 14. hxg3 Rad8 15. Nh2 Na7 16. f3 Be6 17. Ne2 c6 18. Rce1 Nb5 19. Rf2 Nd6 20. g4 Qc7 21. Nf1 Bc8 22. Qc1 Qb6 23. Nfg3 a5 24. Nf4 a4 25. Nfh5 Nxh5 26. Nxh5 Qc7 27. Nf4 Qe7 28. g3 Bd7 29. Ng2 Qf6 30. Qd2 b5 31. Qc1 Nc4 32. Bb1 Re7 33. Qc2 Qd6 34. Qh7+ Kf8 35. Qh8# 1-0


[Site "https://www.chess.com"]

[Event "Titled Tuesday Blitz August 02 Late 2022"]
[White "Pakleza, Zbigniew"]
[Black "Ekdyshman, Mikhail"]
[WhiteFideId "1119290"]
[BlackFideId "4149416"]
[WhiteElo "2467"]
[BlackElo "2146"]
[Result "1-0"]
[Round "09"]
[TimeControl "180+1"]
[Date "2022.08.02"]
[WhiteClock "0:00:10"]
[BlackClock "0:00:08"]

1. d3 Nf6 2. e4 d6 3. f4 c5 4. Nf3 Nc6 5. g3 g6 6. Bg2 Bg7 7. O-O O-O 8. c3 Rb8 9. a4 a6 10. h3 b5 11. axb5 axb5 12. Be3 b4 13. Nbd2 bxc3 14. bxc3 Ne8 15. d4 cxd4 16. cxd4 d5 17. e5 Bf5 18. Nb3 Nb4 19. Qd2 Nc2 20. Nc5 Nxa1 21. Rxa1 Nc7 22. g4 Be4 23. Nxe4 dxe4 24. Ng5 Nd5 25. Nxe4 Rb3 26. Bf2 e6 27. Nd6 Qb6 28. Ra2 Bh6 29. Bxd5 exd5 30. Kg2 Rb8 31. Qa5 Qxa5 32. Rxa5 Bxf4 33. Rxd5 Rb2 34. Ne4 Be3 35. Rd7 Rxf2+ 36. Nxf2 Rb2 37. Kf3 Bxf2 38. d5 Bh4 39. d6 Rb3+ 40. Ke4 Kf8 41. Ra7 Rb1 42. Ra8+ Kg7 43. Ra7 Rd1 44. Rb7 Bg5 45. Ra7 Re1+ 46. Kd5 Rd1+ 47. Ke4 Rc1 48. Rb7 Rc3 49. Rc7 Re3+ 50. Kd5 Rxh3 51. e6 Rd3+ 52. Kc6 Rc3+ 53. Kd7 Re3 54. e7 Bf4 55. Rc6 Kf6 56. e8=Q Rxe8 57. Kxe8 Bxd6 58. Rxd6+ Kg5 59. Kxf7 Kxg4 60. Kg7 h5 61. Kxg6 h4 62. Rd4+ Kg3 63. Kg5 h3 64. Rd3+ Kg2 65. Kg4 h2 66. Rd2+ Kf1 67. Kg3 h1=Q 68. Rd1+ Ke2 69. Rxh1 Ke3 70. Rh2 1-0


[Site "https://www.chess.com"]

[Event "Titled Tuesday Blitz August 02 Late 2022"]
[White "Perera Alfonso, Rene Humberto"]
[Black "Fonseca Manrique, Enrique"]
[WhiteFideId "3514722"]
[BlackFideId "5114330"]
[WhiteElo "2313"]
[BlackElo "2513"]
[Result "1-0"]
[Round "09"]
[TimeControl "180+1"]
[Date "2022.08.02"]
[WhiteClock "0:01:00"]
[BlackClock "0:00:24"]

1. e4 c5 2. Nf3 e6 3. d4 cxd4 4. Nxd4 Nc6 5. Nc3 Qc7 6. g3 a6 7. Bg2 Bc5 8. Nb3 Be7 9. O-O d6 10. f4 Nf6 11. g4 b5 12. g5 Nd7 13. Be3 Bb7 14. Qe2 O-O 15. Rae1 Rfe8 16. Qh5 g6 17. Qh6 Bf8 18. Qh4 Bg7 19. f5 exf5 20. exf5 Nce5 21. Nd5 Qxc2 22. f6 Bf8 23. Nd4 Qxb2 24. Re2 Qa3 25. Ne7+ Bxe7 26. Bxb7 Rab8 27. Bd5 Bd8 28. Qh6 Nxf6 29. gxf6 Bxf6 30. Rxf6 Re7 31. Nf5 gxf5 32. Bd4 Qa4 33. Rg2+ Ng4 34. Rg6+ 1-0


[Site "https://www.chess.com"]

[Event "Titled Tuesday Blitz August 02 Late 2022"]
[White "Rosen, Eric"]
[Black "Clarke, Brandon G I"]
[WhiteFideId "2032562"]
[BlackFideId "400319"]
[WhiteElo "2362"]
[BlackElo "2414"]
[Result "1-0"]
[Round "09"]
[TimeControl "180+1"]
[Date "2022.08.02"]
[WhiteClock "0:00:03"]
[BlackClock "0:00:02"]

1. d4 Nf6 2. Bf4 g6 3. Nc3 d5 4. e3 Bg7 5. h4 c6 6. Nf3 Bg4 7. Qd2 Bxf3 8. gxf3 h5 9. e4 e6 10. O-O-O O-O 11. Bg5 Qa5 12. Kb1 Qb6 13. Rg1 Nbd7 14. e5 Nh7 15. Bh6 c5 16. Bxg7 Kxg7 17. dxc5 Qxc5 18. f4 Rfc8 19. Bd3 Nb6 20. Qe2 Qb4 21. Qxh5 Nc4 22. Bxc4 Rxc4 23. f5 Rxh4 24. f6+ Kh8 25. Qe2 Rc8 26. Rd3 Rcc4 27. a3 Qb6 28. Qd2 Rcf4 29. Rf1 g5 30. Nd1 Rh2 31. Rb3 Qc7 32. Qe2 a6 33. Rg3 Rhh4 34. Ne3 Re4 35. Qf3 Qxe5 36. Rd1 Ref4 37. Qg2 Qxf6 38. Ng4 Qf5 39. Ne3 Qf6 40. Ng4 Qg7 41. Ne3 Nf6 42. Rxg5 Qh6 43. Rg1 Rh5 44. Rg8+ Kh7 45. Rb8 Rg5 46. Qxg5 Qxg5 47. Rxg5 Rxf2 48. Rxb7 Ne4 49. Rg1 Rf3 50. Ng4 Nd2+ 51. Ka2 1-0


[Site "https://www.chess.com"]

[Event "Titled Tuesday Blitz August 02 Late 2022"]
[White "Sarana, Alexey"]
[Black "Naroditsky, Daniel"]
[WhiteFideId "24133795"]
[BlackFideId "2026961"]
[WhiteElo "2666"]
[BlackElo "2608"]
[Result "0-1"]
[Round "09"]
[TimeControl "180+1"]
[Date "2022.08.02"]
[WhiteClock "0:00:17"]
[BlackClock "0:00:20"]

1. c4 e5 2. g3 c6 3. Nf3 e4 4. Nd4 Nf6 5. Bg2 d5 6. cxd5 Qxd5 7. Nc2 Qe5 8. Nc3 Na6 9. O-O Be7 10. a3 Nc5 11. b4 Nb3 12. Rb1 Nxc1 13. Qxc1 O-O 14. Ne3 Rd8 15. b5 Bd7 16. a4 Rac8 17. Qc2 cxb5 18. axb5 Be6 19. Rfd1 Rd4 20. Ra1 Bc5 21. Ra4 Rxa4 22. Qxa4 Bd4 23. Qb4 h5 24. Qe7 h4 25. Qxb7 Bxe3 26. fxe3 hxg3 27. Nxe4 gxh2+ 28. Kh1 Ng4 29. Rf1 f5 30. Ng5 Nf2+ 31. Rxf2 Rc1+ 32. Bf1 Bd5+ 33. Qxd5+ Qxd5+ 34. Kxh2 Qxd2 35. Rxf5 Rxf1 36. Rxf1 Qxe2+ 37. Kg1 Qg4+ 38. Kf2 Qxg5 39. Rd1 Qxb5 40. Rd8+ Kf7 41. Ra8 a5 42. Ra7+ Kf6 0-1


[Site "https://www.chess.com"]

[Event "Titled Tuesday Blitz August 02 Late 2022"]
[White "Shimanov, Aleksandr"]
[Black "Bortnyk, Olexandr"]
[WhiteFideId "4198603"]
[BlackFideId "14120828"]
[WhiteElo "2605"]
[BlackElo "2723"]
[Result "1/2-1/2"]
[Round "09"]
[TimeControl "180+1"]
[Date "2022.08.02"]
[WhiteClock "0:00:06"]
[BlackClock "0:00:10"]

1. d4 d6 2. e4 Nf6 3. f3 e5 4. d5 Be7 5. Be3 c6 6. c4 a5 7. Nc3 O-O 8. Bd3 Na6 9. Nge2 Nd7 10. Qd2 Ndc5 11. Bb1 a4 12. O-O Bd7 13. Bc2 Re8 14. Nxa4 cxd5 15. Nxc5 d4 16. Bxd4 Nxc5 17. Be3 b5 18. cxb5 Bxb5 19. Rfd1 Ne6 20. Nc3 Bc6 21. b4 Nd4 22. a4 Rc8 23. Rdc1 d5 24. Nxd5 Bxd5 25. exd5 Rxc2 26. Rxc2 Bxb4 27. Qd3 Nxc2 28. Qxc2 Qxd5 29. h3 h6 30. Rd1 Qe6 31. Rb1 Rc8 32. Qb3 Qxb3 33. Rxb3 Rc4 34. Rb2 Ba5 35. Ra2 f5 36. Kf1 Kf7 37. Ke2 Ke6 38. Bd2 Rc5 39. Bxa5 Rxa5 40. Kd3 Kd5 41. Kc3 e4 42. fxe4+ Kxe4 43. Re2+ Kf4 44. Kb4 Ra8 45. a5 g5 46. Ra2 Kg3 47. Kb5 h5 48. a6 g4 49. hxg4 hxg4 50. Kb6 f4 51. Kb7 Rf8 52. a7 f3 53. gxf3 gxf3 54. a8=Q Rxa8 55. Kxa8 f2 56. Rxf2 Kxf2 1/2-1/2


[Site "https://www.chess.com"]

[Event "Titled Tuesday Blitz August 02 Late 2022"]
[White "Shohat, Yotam"]
[Black "Ibarra Jerez, Jose Carlos"]
[WhiteFideId "2813955"]
[BlackFideId "2226332"]
[WhiteElo "2119"]
[BlackElo "2628"]
[Result "0-1"]
[Round "09"]
[TimeControl "180+1"]
[Date "2022.08.02"]
[WhiteClock "0:00:03"]
[BlackClock "0:00:50"]

1. e4 c5 2. Nf3 e6 3. b3 b6 4. Bb2 Bb7 5. Nc3 a6 6. d4 cxd4 7. Nxd4 Qc7 8. Bd3 Nf6 9. O-O Bb4 10. Nde2 Ng4 11. g3 h5 12. a3 Be7 13. h3 Ne5 14. f4 Bc5+ 15. Kh2 Ng6 16. h4 Nc6 17. Na4 Be7 18. Bxg7 Rg8 19. Bb2 b5 20. Nac3 O-O-O 21. e5 Bxh4 22. gxh4 Ncxe5 23. Be4 Nxh4 24. Nxb5 Ng4+ 25. Kh3 axb5 26. Qd4 Nf5 27. Bxb7+ Qxb7 28. Qc5+ Kb8 29. Nc3 Nge3 30. Qxb5 Rg4 31. Qxb7+ Kxb7 32. Kh2 Rdg8 33. Rf3 Rh4+ 34. Rh3 Rg2+ 0-1


[Site "https://www.chess.com"]